 Dungeon Crawl Stone Soup version 0.27-a0-1545-g3eddc1d3d3 (webtiles) character file.

Game seed: 6193095024473554802

4231 Kinoniko the Carver (level 10, 0/74 HPs)
             Began as a Minotaur Gladiator on July 13, 2021.
             Was a Believer of Trog.
             Killed from afar by an electric eel (10 damage)
             ... with a bolt of electricity
             ... on level 8 of the Dungeon.
             The game lasted 00:08:25 (9595 turns).

Kinoniko the Carver (Minotaur Gladiator)            Turns: 9595, Time: 00:08:25

Health: 0/74       AC:  9    Str: 22    XL:     10   Next: 9%
Magic:  9/9        EV: 15    Int:  5    God:    Trog [**....]
Gold:   440        SH:  0    Dex: 15    Spells: 9/9 levels left

rFire    . . .     SeeInvis .   a - +0 long sword (freeze)
rCold    . . .     Faith    .   (no shield)
rNeg     . . .     Spirit   .   q - +0 ring mail {Will+}
rPois    .         Reflect  .   c - +1 hat
rElec    .         Harm     .   (no cloak)
rCorr    .         Rampage  .   j - +0 pair of gloves of Awe {Str+3}
Will     +....                  g - +1 pair of boots
Stlth    +.........             (no amulet)
HPRegen  0.22/turn              (no ring)
MPRegen  0.11/turn              (no ring)

@: on berserk cooldown, slowed, studying Summonings, very slow
A: horns 2, retaliatory headbutt
a: Renounce Religion, Berserk, Trog's Hand


You were on level 8 of the Dungeon.
You worshipped Trog.
Trog was pleased with you.
You visited 2 branches of the dungeon, and saw 9 of its levels.

You collected 440 gold pieces.

Inventory:

Hand Weapons
 a - a +0 long sword of freezing (weapon)
Missiles
 d - 4 throwing nets (quivered)
Armour
 b - a +0 leather armour
 c - a +1 hat (worn)
 g - a +1 pair of boots (worn)
 h - a +0 kite shield
 i - a +0 scale mail
 j - the +0 pair of gloves of Awe (worn) {Str+3}
   (You acquired it on level 5 of the Dungeon)

   Str:       It affects your strength (+3).
 q - a +0 ring mail of willpower (worn)
Jewellery
 k - an amulet of magic regeneration
Wands
 e - a wand of iceblast (9)
 w - a wand of digging (3)
Scrolls
 l - 3 scrolls of identify
 o - 2 scrolls of brand weapon
 p - a scroll of amnesia {unknown}
 r - 3 scrolls of teleportation
 t - 2 scrolls of magic mapping
 u - a scroll of silence {unknown}
 v - a scroll of acquirement
 x - a scroll of enchant weapon {unknown}
Potions
 f - 5 potions of lignification
 n - 2 potions of curing
 z - a potion of mutation {unknown}


   Skills:
 - Level 2.4 Fighting
 * Level 14.1 Long Blades
 - Level 2.0 Throwing
 + Level 9.8 Dodging


You had 9 spell levels left.
You didn't know any spells.
Your spell library contained the following spells:

 Spells                   Type           Power      Damage    Failure   Level
 Beastly Appendage        Tmut           0%         N/A       65%         1
 Corpse Rot               Necr/Air       N/A        N/A       78%         2
 Ensorcelled Hibernation  Hex/Ice        0%         N/A       78%         2
 Wereblood                Tmut           0%         N/A       78%         2
 Spider Form              Tmut/Pois      0%         N/A       95%         3
 Dispel Undead            Necr           0%         3d6       100%        4
 Death Channel            Necr           0%         N/A       100%        6
 Shadow Creatures         Summ           N/A        N/A       100%        6


Dungeon Overview and Level Annotations

Branches:
Dungeon (8/15)             Temple (1/1) D:4            Lair (0/6) D:8

Altars:
Ashenzari
Cheibriados
Dithmenos
Elyvilon
Fedhas
Gozag
Hepliaklqana
Kikubaaqudgha
Okawaru
Qazlal
Ru
Trog
Uskayaw
Vehumet
Wu Jian
Xom
The Shining One

Shops:
D:5 (


Innate Abilities, Weirdness & Mutations

You have a pair of horns on your head.
You reflexively headbutt those who attack you in melee.


Message History

The bolt of electricity hits the electric eel.
The electric eel completely resists.
The bolt of electricity hits you!
The centaur shoots an arrow.
The arrow closely misses you.
The arrow hits the electric eel!
The electric eel dies!
Unknown command.
Unknown command.
You are too injured to fight recklessly!
Unknown command.
You are too injured to fight recklessly!
Unknown command.
You are too injured to fight recklessly!
Unknown command.
The electric eel shoots out a bolt of lightning at you!
The bolt of electricity hits you.
The electric eel shoots out a bolt of lightning at you!
The bolt of electricity hits you!
You feel a strong urge to attack something.
The centaur shoots an arrow.
The arrow misses you.
The electric eel shoots out a bolt of lightning at you!
The bolt of electricity misses you.
The electric eel shoots out a bolt of lightning at you!
The bolt of electricity misses you.
Unknown command.
Unknown command.
You feel your anger nearly subside.
You are no longer berserk.
You are exhausted.
You feel yourself slow down.
The centaur shoots an arrow.
The arrow misses you.
The electric eel shoots out a bolt of lightning at you!
The bolt of electricity hits the electric eel.
The electric eel completely resists.
The bolt of electricity hits you!
* * * LOW HITPOINT WARNING * * *
The electric eel shoots out a bolt of lightning at you!
The bolt of electricity hits you!
* * * LOW HITPOINT WARNING * * *
As you read the scroll of fog, it crumbles to dust.
The scroll dissolves into smoke.
The electric eel shoots out a bolt of lightning at you!
The bolt of electricity hits you!
You die...

##....#.####.....
.........##.............
........##...............
....#.#.....:.............
...)#)#..#.................
#.#.))#.###.................
###...)..#>...§.............
##...........§§§§..≈≈.≈.≈.
#...##......§@h§.≈≈≈.≈.≈≈
##........##§§§§≈≈≈≈c≈.≈≈
#####...##.§...≈≈≈≈.;≈≈≈
#####....#.......≈≈≈.≈≈≈≈
##.##...........≈;.;≈.≈≈≈≈
#............#..≈≈;[≈..≈≈≈
#..............≈≈≈≈≈≈.≈.≈≈
#......##.....≈≈≈≈≈≈.o..≈≈
##...:..#...##≈≈≈≈≈....o≈≈


You could see a hound, 3 electric eels and an orc.

Vanquished Creatures
  A deep elf pyromancer (D:7)
  A cyclops (D:7)
  A troll (D:8)
  2 water moccasins
  3 orc warriors
  An ice beast (D:7)
  A hornet zombie (D:7)
  A black bear (D:6)
  A necrophage (D:7)
  An ogre (D:6)
  3 centaurs (D:7)
  A wolf (D:8)
  2 kobold brigands
  2 bullfrogs
  6 scorpions
  2 wyvern skeletons
  8 wights
  3 howler monkeys
  2 centaur zombies
  A gnoll shaman (D:8)
  6 hounds
  3 orc priests
  Natasha (thrice) (D:2)
  2 iguanas
  4 orc wizards
  Ijyb (D:5)
  A hound skeleton (D:4)
  A mummy (D:6)
  4 gnolls (D:8)
  3 adders
  A howler monkey skeleton (D:7)
  A white imp (D:5)
  A worm (D:2)
  A dart slug (D:4)
  11 orcs
  4 ball pythons
  4 endoplasms
  A giant cockroach (D:1)
  8 goblins
  3 hobgoblins
  10 jackals
  2 quokkas
  4 bats
  3 frilled lizards
  13 kobolds
  7 rats
145 creatures vanquished.

Vanquished Creatures (others)
  An electric eel (D:8)
1 creature vanquished.

Grand Total: 146 creatures vanquished

Notes
Turn   | Place    | Note
-------+----------+-------------------------------------------
     0 | D:1      | Kinoniko the Minotaur Gladiator began the quest for the
                  | Orb.
     0 | D:1      | Reached XP level 1. HP: 18/18 MP: 0/0
   211 | D:1      | Reached skill level 4 in Long Blades
   282 | D:1      | Reached XP level 2. HP: 25/25 MP: 1/1
   826 | D:1      | Found a faded altar of an unknown god.
  1167 | D:2      | Reached XP level 3. HP: 30/30 MP: 2/2
  1521 | D:2      | Reached skill level 5 in Long Blades
  1801 | D:2      | Noticed Natasha
  1810 | D:2      | Killed Natasha
  1811 | D:2      | Reached XP level 4. HP: 29/37 MP: 3/3
  2027 | D:2      | Noticed Natasha
  2033 | D:2      | Killed Natasha
  2239 | D:2      | Noticed Natasha
  2244 | D:2      | Killed Natasha
  2488 | D:3      | Reached skill level 6 in Long Blades
  2676 | D:3      | Reached XP level 5. HP: 40/42 MP: 4/4
  3122 | D:3      | Found a white marble altar of Elyvilon.
  3484 | D:4      | Found a staircase to the Ecumenical Temple.
  3489 | Temple   | Entered the Ecumenical Temple
  3596 | Temple   | Became a worshipper of Trog the Wrathful
  3649 | D:4      | Reached skill level 7 in Long Blades
  3649 | D:4      | Reached skill level 5 in Dodging
  3649 | D:4      | Reached XP level 6. HP: 25/50 MP: 5/5
  4945 | D:5      | Entered Level 5 of the Dungeon
  4946 | D:5      | Identified a scroll of acquirement
  4946 | D:5      | Acquired the +0 pair of gloves of Awe {Str+3}
  4956 | D:5      | Found Muogomum's Weapon Shop.
  5015 | D:5      | Found a hide-covered altar of Uskayaw.
  5145 | D:5      | Reached skill level 8 in Long Blades
  5149 | D:5      | Reached XP level 7. HP: 53/56 MP: 6/6
  5378 | D:5      | Found a faded altar of an unknown god.
  5378 | D:5      | Found a faded altar of an unknown god.
  5385 | D:5      | Found an iron altar of Okawaru.
  5387 | D:5      | Found a blossoming altar of Fedhas.
  5389 | D:5      | Found a shimmering altar of Xom.
  5509 | D:5      | Noticed Ijyb
  5523 | D:5      | Killed Ijyb
  5898 | D:6      | Reached skill level 9 in Long Blades
  6409 | D:6      | Found a snail-covered altar of Cheibriados.
  6470 | D:6      | Reached * piety under Trog
  6556 | D:6      | Reached XP level 8. HP: 62/62 MP: 7/7
  6814 | D:6      | Reached skill level 10 in Long Blades
  7344 | D:7      | Found an ancient bone altar of Kikubaaqudgha.
  7353 | D:7      | Noticed a cyclops
  7372 | D:7      | Killed a cyclops
  7373 | D:7      | Reached skill level 11 in Long Blades
  7596 | D:7      | Reached XP level 9. HP: 68/68 MP: 8/8
  7600 | D:7      | Reached skill level 12 in Long Blades
  7702 | D:7      | Noticed a deep elf pyromancer
  7707 | D:7      | Killed a deep elf pyromancer
  8103 | D:7      | Reached skill level 13 in Long Blades
  8219 | D:7      | Found a stormy altar of Qazlal.
  9077 | D:8      | Reached ** piety under Trog
  9281 | D:8      | Reached XP level 10. HP: 58/74 MP: 9/9
  9582 | D:8      | Found a staircase to the Lair.
  9587 | D:8      | Reached skill level 14 in Long Blades
  9595 | D:8      | Killed from afar by an electric eel

Illustrated notes

Levels and vault maps discovered:
D:1:      lightli_arrival_quake, layout_loops_ring, basic_ecumenical_altar
D:2:      layout_basic, uniq_natasha
D:3:      layout_basic, nicolae_elyvilon_temple_path
D:4:      layout_basic, minmay_temple_entry_wispy, kennysheep_generic_room_9
D:5:      layout_rooms, lemuel_round_altar, chequers_temple_overflow_minitemple,
          serial_rivers, chequers_serial_rivers_large_a,
          chequers_serial_rivers_small_b, chequers_serial_rivers_micro_d,
          chequers_serial_rivers_room_a, chequers_serial_rivers_room_a,
          serial_shops, shop_fountains, uniq_ijyb
D:6:      layout_basic, slow_altar_1, portal_sewer_entry_d
D:7:      layout_loops_cross, mainiacjoe_overflow_alcove_4,
          mainiacjoe_overflow_brackets, minmay_manual_mares
D:8:      layout_cave_pools, mainiacjoe_overflow_surrounded_room,
          erik_lair_island
Temple:   dpeg_three_leaves_temple

Skill      XL: |  1  2  3  4  5  6  7  8  9 10 |
---------------+-------------------------------+-----
Long Blades    | 4 5 6 7 8 9 11 13 14 | 14.1
Dodging        | 4 5 6 8 9 |  9.8
Fighting       | |  2.4
Throwing       | |  2.0

Action                   |  1- 3 |  4- 6 |  7- 9 | 10-12 || total
-------------------------+-------+-------+-------+-------++-------
Melee: Long sword        |    77 |    94 |   228 |     7 ||   406
       Headbutt          |    10 |    18 |    67 |     2 ||    97
Invok: Berserk           |       |       |     5 |     1 ||     6
  Use: Scroll            |       |     8 |     4 |     2 ||    14
       Potion            |       |     1 |     7 |       ||     8
 Stab: Sleeping          |     1 |       |       |       ||     1
Armor: Leather armour    |    24 |       |       |       ||    24
       Scale mail        |    13 |    46 |    14 |       ||    73
       Skin              |       |       |     6 |       ||     6
       Ring mail         |       |       |    55 |     1 ||    56
Dodge: Dodged            |    50 |    63 |   106 |    13 ||   232
       Rpst.: Long sword |    13 |    15 |    28 |       ||    56

Table legend: (Time is in decaauts)
 A = Elapsed time spent in this place.
 B = Non-inter-level travel time spent in this place.
 C = Inter-level travel time spent in this place.
 D = Time resting spent in this place.
 E = Time spent auto-exploring this place.
 F = Levels seen in this place.
 G = Mean time per level.
                   A        B        C        D        E       F      G
               +--------+--------+--------+--------+--------+-----+--------+
         Total |   9635 |   9220 |    415 |   2399 |   5933 |   9 | 1070.6 |
       Dungeon |   9521 |   9150 |    371 |   2399 |   5868 |   8 | 1190.1 |
        Temple |    114 |     70 |     44 |      0 |     65 |   1 |  114.0 |
               +--------+--------+--------+--------+--------+-----+--------+

Top non-repeatable levels by time:
     D:7: 1698 daAuts
     D:4: 1526 daAuts
     D:6: 1275 daAuts
     D:2: 1156 daAuts
     D:1: 1128 daAuts
     D:3: 1046 daAuts
     D:5: 935 daAuts
     D:8: 754 daAuts
  Temple: 114 daAuts
